 Dungeon Crawl Stone Soup version 0.31.0-32-g396128a36d (webtiles) character file.

Game seed: 9101389700499182252

16 ChadusMaximus the Covered (level 2, 25/25 HPs)
             Began as a Barachi Fighter on Mar 9, 2024.
             Got out of the dungeon alive.
             The game lasted 00:00:35 (847 turns).

ChadusMaximus the Covered (Barachi Fighter)          Turns: 847, Time: 00:00:35

Health: 25/25      AC:  7    Str: 17    XL:     2   Next: 58%
Magic:  2/2        EV:  9    Int:  8    God:
Gold:   18         SH:  4    Dex: 11    Spells: 1/1 levels left

rFire   . . .        a - +0 long sword
rCold   . . .        c - +0 buckler
rNeg    . . .        b - +0 scale mail
rPois   .            (no helmet)
rElec   .            (no cloak)
rCorr   .            (no gloves)
SInv    .            (no boots)
Will    .....        (no amulet) Stlth
                     (no ring)
HPRegen 0.24/turn    (no ring)
MPRegen 0.08/turn

%: no passive effects
@: slow
A: amphibious, slowness 1, strong legs 1, +LOS
a: Hop


You escaped.
You visited 1 branch of the dungeon, and saw 1 of its levels.

You collected 18 gold pieces.

Inventory:

Hand Weapons
 a - a +0 long sword (weapon)
Missiles
 e - a throwing net
Armour
 b - a +0 scale mail (worn)
 c - a +0 buckler (worn)
Scrolls
 g - a scroll of summoning {unknown}
 h - a scroll of fear {unknown}
 i - a scroll of blinking {unknown}
Potions
 d - a potion of might
 f - 2 potions of brilliance {unknown}


   Skills:
 + Level 3.9 Fighting
 + Level 2.8 Long Blades
 + Level 3.9 Armour
 + Level 3.5 Shields


You had one spell level left.
You didn't know any spells.
Your spell library was empty.

Dungeon Overview and Level Annotations

Branches:
Dungeon (1/15)

Altars:


Innate Abilities, Weirdness & Mutations

You are amphibious.
You cover ground slowly.
You can hop short distances.
You have an extended range of vision and can be seen from far away.


Message History

Found a leather armour.
No target in view!
You see here a +0 leather armour.
f - 2 fizzy blue potions (gained 1)
A kobold comes into view. It is wielding a +0 short sword.
The kobold shouts!
A kobold is nearby!
A kobold is nearby!
You block the kobold's attack.
A kobold is nearby!
You hit the kobold.
You kill the kobold!
Things that are here:
a +0 short sword; a kobold corpse As you open the door, it creaks loudly!
No target in view!
There is an open door here.
There is an open door here.
You see here a +0 dagger.
An endoplasm comes into view.
You slash the endoplasm!
You kill the endoplasm!
There is a stone staircase leading down here.
Done exploring.
No target in view!
Done exploring.
No target in view!
Done exploring.
Done exploring.
No target in view!
Done exploring.
No target in view!
Done exploring.
There is a stone staircase leading down here.
As you open the door, it creaks loudly!
You can't go up here!
There is an open door here.
There is a staircase leading out of the dungeon here.
There is a staircase leading out of the dungeon here.
You have escaped!

.#####.#.# #.# #.# #.#.####.#
.#####.#.###.#######.###.#.#.##.#
.##..............................
.##.##.#.###########.........#...
.##.##.#.###########.###.....#.##
.##.##.#.##.......##.# #.....#..)
..#.##.#.'........##.###.....#.##
.##.##.#.##.......##.............
.##.##...##>###.@.#..........#.#.
.##.####.##.......##....)....>...
.##.# #.'........##.##........##
....# #.##.......##............#
....####.###########.##.....#....
.##.........................#...#
.##.###.....#####.##.##..#.......
.........#### #.##.....#.##..##
###.####.########.##.......##..#


There were no monsters in sight!

Vanquished Creatures
  2 endoplasms (D:1)
  A giant cockroach (D:1)
  3 hobgoblins (D:1)
  A ball python (D:1)
  A bat (D:1)
  2 frilled lizards (D:1)
  A goblin (D:1)
  3 kobolds (D:1)
  2 rats (D:1)
16 creatures vanquished.

Notes
Turn   | Place    | Note
-------+----------+-------------------------------------------
     0 | D:1      | ChadusMaximus the Barachi Fighter began the quest for the
                  | Orb.
     0 | D:1      | Reached XP level 1. HP: 18/18 MP: 1/1
   153 | D:1      | Reached XP level 2. HP: 25/25 MP: 2/2
   847 | D:$      | Got out of the dungeon alive.

Illustrated notes

Levels and vault maps discovered:
D:1:      heliophobic_arrival_battle_scene, layout_basic

Action                     || total
---------------------------++-------
  Melee: Long sword        ||    43
 Armour: Scale mail        ||    27
  Dodge: Dodged            ||    19
  Block: Buckler           ||    10
